[ AOE2 MATCH · #505203574 ]
UnrankedLithuanians vs Japanese
Rival team · WIN
[ REPLAY ANALYSIS · EXTRACTED FROM THE RECORDED GAME ]
Feudal
10:15
Castle
30:36
Imperial
39:36
| APM avg | 29.0 |
| APM peak | 78 |
| eAPM avg | 18.6 |
| Villagers / military | 102 / 87 |
Focus
⚔️ 38.9% · 🌾 61.1%
Hand Cannoneer ×29 · Archer ×15 · Galley ×11 · Militia ×9 · Leitis ×8 · Unknown (2626) ×5
Feudal
10:04
Castle
19:07
Imperial
36:34
| APM avg | 51.7 |
| APM peak | 83 |
| eAPM avg | 28.6 |
| Villagers / military | 155 / 79 |
Focus
⚔️ 30.6% · 🌾 69.4%
Samurai ×26 · Cavalry Archer ×23 · Skirmisher ×9 · Archer ×8 · Mangonel ×4 · Fishing Ship ×4
Match map
Initial resources + every placement click. Lines = walls · curves = elevation contours. ◆ gold · ⬟ stone · ● berries · ✦ relic · ◌ wall gap
Your base· ✓ Map-separated
YEBISU's base· ✓ Map-separated
Smoothed initial terrain · ◌ = detected wall gap · hover for details
Inputs per minute
— Mortis - - YEBISU
Build order — Mortis
First 150 of 288 actions detected
| 0:00 | Queue | Villager (Male) |
| 0:01 | Queue | Villager (Male) |
| 0:01 | Queue | Villager (Male) |
| 0:04 | Build | House |
| 0:07 | Research | Loom |
| 0:09 | Build | House |
| 0:41 | Queue | Villager (Male) |
| 0:41 | Queue | Villager (Male) |
| 0:42 | Queue | Villager (Male) |
| 0:42 | Queue | Villager (Male) |
| 0:42 | Queue | Villager (Male) |
| 0:42 | Queue | Villager (Male) |
| 0:43 | Queue | Villager (Male) |
| 1:19 | Queue | Villager (Male) |
| 1:58 | Queue | Villager (Male) |
| 2:03 | Build | Barracks |
| 2:18 | Queue | Villager (Male) |
| 2:31 | Build | House |
| 2:54 | Queue | Villager (Male) |
| 2:57 | Queue | Militia |
| 2:57 | Queue | Militia |
| 2:58 | Queue | Militia |
| 3:02 | Queue | Villager (Male) |
| 3:02 | Queue | Villager (Male) |
| 3:07 | Queue | Militia |
| 3:07 | Queue | Militia |
| 3:41 | Queue | Villager (Male) |
| 4:02 | Queue | Militia |
| 4:08 | Build | House |
| 4:25 | Queue | Villager (Male) |
| 4:25 | Queue | Villager (Male) |
| 4:29 | Queue | Villager (Male) |
| 5:00 | Queue | Villager (Male) |
| 5:20 | Build | Lumber Camp |
| 5:30 | Queue | Villager (Male) |
| 6:03 | Queue | Villager (Male) |
| 6:28 | Queue | Villager (Male) |
| 6:54 | Queue | Villager (Male) |
| 7:17 | Queue | Villager (Male) |
| 7:23 | Queue | Villager (Male) |
| 7:26 | Build | House |
| 7:30 | Build | Mill |
| 7:55 | Build | Mining Camp |
| 8:04 | Research | Feudal Age |
| 8:49 | Queue | Villager (Male) |
| 9:10 | Queue | Militia |
| 9:16 | Build | House |
| 9:17 | Build | House |
| 9:23 | Queue | Villager (Male) |
| 9:44 | Queue | Militia |
| 9:44 | Queue | Militia |
| 10:15 | Age | Feudal Age |
| 10:16 | Research | Man-at-Arms (upgrade) |
| 10:16 | Research | Man-at-Arms (upgrade) |
| 10:21 | Queue | Villager (Male) |
| 10:27 | Build | Blacksmith |
| 10:29 | Queue | Villager (Male) |
| 10:49 | Build | Watch Tower |
| 11:08 | Research | Fletching |
| 11:48 | Queue | Villager (Male) |
| 11:53 | Build | Mining Camp |
| 12:08 | Queue | Villager (Male) |
| 12:22 | Build | Archery Range |
| 12:24 | Queue | Villager (Male) |
| 12:24 | Queue | Villager (Male) |
| 12:29 | Queue | Villager (Male) |
| 12:46 | Build | Stone Wall |
| 12:46 | Build | Stone Wall |
| 12:48 | Build | Stone Wall |
| 12:49 | Build | Stone Wall |
| 12:51 | Queue | Villager (Male) |
| 12:56 | Build | Gate |
| 13:36 | Build | Farm |
| 14:05 | Build | Lumber Camp |
| 14:13 | Build | Mill |
| 14:22 | Build | Farm |
| 14:25 | Build | Farm |
| 14:32 | Queue | Archer |
| 14:32 | Queue | Archer |
| 14:33 | Queue | Archer |
| 14:33 | Queue | Archer |
| 14:52 | Queue | Archer |
| 15:13 | Build | Farm |
| 15:14 | Build | Farm |
| 15:25 | Queue | Archer |
| 15:31 | Build | Archery Range |
| 15:38 | Queue | Villager (Male) |
| 15:45 | Build | House |
| 15:46 | Build | House |
| 15:47 | Build | House |
| 15:52 | Build | House |
| 16:00 | Build | House |
| 16:01 | Build | House |
| 16:14 | Build | Farm |
| 16:15 | Queue | Villager (Male) |
| 16:15 | Queue | Villager (Male) |
| 16:22 | Queue | Archer |
| 16:22 | Queue | Archer |
| 16:37 | Queue | Archer |
| 16:37 | Queue | Archer |
| 16:40 | Queue | Villager (Male) |
| 16:45 | Build | Farm |
| 16:46 | Queue | Villager (Male) |
| 17:50 | Queue | Archer |
| 17:50 | Queue | Archer |
| 18:06 | Queue | Villager (Male) |
| 18:06 | Queue | Villager (Male) |
| 18:21 | Queue | Villager (Male) |
| 18:39 | Queue | Villager (Male) |
| 18:50 | Queue | Archer |
| 18:50 | Queue | Archer |
| 18:51 | Queue | Archer |
| 18:54 | Queue | Villager (Male) |
| 19:02 | Build | Market |
| 19:06 | Build | Lumber Camp |
| 19:09 | Queue | Villager (Male) |
| 19:16 | Build | House |
| 19:22 | Build | Palisade Wall |
| 19:23 | Queue | Villager (Male) |
| 19:45 | Queue | Villager (Male) |
| 19:58 | Queue | Villager (Male) |
| 20:26 | Build | Watch Tower |
| 21:15 | Queue | Villager (Male) |
| 21:23 | Build | Mining Camp |
| 21:27 | Queue | Villager (Male) |
| 21:38 | Queue | Villager (Male) |
| 22:12 | Build | Stable |
| 22:50 | Queue | Villager (Male) |
| 23:32 | Queue | Scout Cavalry |
| 23:32 | Queue | Scout Cavalry |
| 23:49 | Queue | Villager (Male) |
| 23:54 | Build | Dock |
| 24:03 | Queue | Villager (Male) |
| 24:08 | Build | Farm |
| 24:09 | Build | Farm |
| 24:09 | Build | Farm |
| 24:09 | Build | Farm |
| 24:09 | Build | Farm |
| 24:10 | Build | Farm |
| 24:10 | Build | Farm |
| 24:40 | Queue | Galley |
| 24:43 | Queue | Transport Ship |
| 24:47 | Build | Dock |
| 24:54 | Build | Gate |
| 24:58 | Build | Stone Wall |
| 25:03 | Build | Stone Wall |
| 25:06 | Queue | Villager (Male) |
| 25:09 | Build | Farm |
| 25:18 | Queue | Unit 2626 |
| 25:19 | Queue | Unit 2626 |
Build order — YEBISU
First 150 of 492 actions detected
| 0:01 | Queue | Villager (Male) |
| 0:01 | Queue | Villager (Male) |
| 0:03 | Build | House |
| 0:05 | Build | House |
| 0:12 | Queue | Villager (Male) |
| 0:18 | Queue | Villager (Male) |
| 1:07 | Build | Lumber Camp |
| 1:12 | Queue | Villager (Male) |
| 1:49 | Queue | Villager (Male) |
| 2:11 | Queue | Villager (Male) |
| 2:35 | Queue | Villager (Male) |
| 2:52 | Build | House |
| 2:56 | Queue | Villager (Male) |
| 3:06 | Build | Dock |
| 3:25 | Queue | Villager (Male) |
| 3:58 | Queue | Fishing Ship |
| 4:16 | Queue | Villager (Male) |
| 4:17 | Queue | Villager (Male) |
| 4:19 | Build | House |
| 4:40 | Queue | Fishing Ship |
| 5:16 | Queue | Villager (Male) |
| 5:26 | Queue | Fishing Ship |
| 5:46 | Queue | Villager (Male) |
| 5:49 | Build | House |
| 5:58 | Build | Palisade Wall |
| 6:11 | Queue | Villager (Male) |
| 6:12 | Queue | Villager (Male) |
| 6:15 | Build | Palisade Wall |
| 6:16 | Build | Palisade Wall |
| 6:17 | Research | Loom |
| 6:18 | Queue | Villager (Male) |
| 6:19 | Build | Palisade Wall |
| 6:21 | Build | Palisade Wall |
| 6:22 | Build | Palisade Wall |
| 6:24 | Build | Palisade Wall |
| 6:26 | Build | Palisade Wall |
| 6:28 | Build | Palisade Wall |
| 6:31 | Queue | Villager (Male) |
| 6:49 | Build | Palisade Wall |
| 6:59 | Queue | Villager (Male) |
| 7:02 | Build | Palisade Gate |
| 7:08 | Build | Palisade Wall |
| 7:43 | Research | Feudal Age |
| 7:47 | Build | Lumber Camp |
| 7:52 | Build | Palisade Wall |
| 8:18 | Queue | Villager (Male) |
| 8:23 | Build | Palisade Wall |
| 8:24 | Queue | Villager (Male) |
| 8:27 | Build | House |
| 8:30 | Build | Mining Camp |
| 8:39 | Build | Palisade Wall |
| 9:01 | Build | Barracks |
| 9:32 | Queue | Villager (Male) |
| 9:45 | Build | Palisade Wall |
| 9:58 | Queue | Villager (Male) |
| 10:01 | Queue | Villager (Male) |
| 10:03 | Queue | Villager (Male) |
| 10:04 | Age | Feudal Age |
| 10:07 | Build | Archery Range |
| 10:11 | Build | Blacksmith |
| 10:29 | Build | Mill |
| 10:40 | Queue | Villager (Male) |
| 10:42 | Build | House |
| 10:56 | Research | Fletching |
| 11:00 | Queue | Archer |
| 11:03 | Build | House |
| 11:17 | Queue | Villager (Male) |
| 11:25 | Build | Mining Camp |
| 11:49 | Queue | Archer |
| 11:53 | Build | House |
| 12:00 | Queue | Villager (Male) |
| 12:02 | Queue | Archer |
| 12:16 | Build | Farm |
| 12:29 | Build | Farm |
| 12:47 | Queue | Archer |
| 13:02 | Build | Farm |
| 13:32 | Queue | Villager (Male) |
| 13:36 | Build | Farm |
| 13:44 | Queue | Villager (Male) |
| 13:46 | Queue | Villager (Male) |
| 13:49 | Build | House |
| 13:49 | Build | House |
| 13:55 | Build | Lumber Camp |
| 14:04 | Build | Palisade Wall |
| 14:06 | Build | Palisade Wall |
| 14:12 | Queue | Villager (Male) |
| 14:21 | Queue | Archer |
| 14:46 | Queue | Transport Ship |
| 14:47 | Queue | Transport Ship |
| 14:47 | Queue | Villager (Male) |
| 14:54 | Queue | Villager (Male) |
| 14:55 | Queue | Archer |
| 15:11 | Queue | Villager (Male) |
| 15:14 | Build | Farm |
| 15:26 | Queue | Villager (Male) |
| 15:38 | Queue | Villager (Male) |
| 15:39 | Queue | Skirmisher |
| 15:44 | Build | Farm |
| 15:53 | Queue | Villager (Male) |
| 16:02 | Queue | Villager (Male) |
| 16:10 | Build | Farm |
| 16:18 | Research | Castle Age |
| 16:19 | Research | Castle Age |
| 16:24 | Build | Palisade Gate |
| 16:33 | Queue | Fishing Ship |
| 16:53 | Build | Farm |
| 16:58 | Queue | Archer |
| 17:21 | Build | Market |
| 17:30 | Queue | Skirmisher |
| 17:32 | Research | Padded Archer Armor |
| 17:49 | Build | Watch Tower |
| 18:15 | Queue | Archer |
| 18:17 | Queue | Skirmisher |
| 18:25 | Build | House |
| 18:28 | Build | Palisade Wall |
| 18:31 | Build | Palisade Wall |
| 18:55 | Queue | Skirmisher |
| 19:04 | Build | Lumber Camp |
| 19:07 | Age | Castle Age |
| 19:10 | Research | Crossbowman (upgrade) |
| 19:15 | Research | Double-Bit Axe |
| 19:21 | Build | Mining Camp |
| 19:30 | Queue | Villager (Male) |
| 19:37 | Research | Bodkin Arrow |
| 19:37 | Research | Bodkin Arrow |
| 19:42 | Queue | Villager (Male) |
| 20:00 | Queue | Villager (Male) |
| 20:02 | Build | Siege Workshop |
| 20:10 | Queue | Skirmisher |
| 20:16 | Queue | Villager (Male) |
| 20:20 | Queue | Villager (Male) |
| 20:29 | Queue | Skirmisher |
| 20:33 | Queue | Villager (Male) |
| 20:35 | Build | Farm |
| 20:36 | Build | Farm |
| 20:42 | Queue | Skirmisher |
| 20:48 | Queue | Mangonel |
| 20:55 | Queue | Villager (Male) |
| 21:15 | Queue | Villager (Male) |
| 21:18 | Build | Archery Range |
| 21:25 | Queue | Cavalry Archer |
| 21:41 | Queue | Skirmisher |
| 21:44 | Queue | Cavalry Archer |
| 21:47 | Queue | Villager (Male) |
| 21:51 | Queue | Villager (Male) |
| 22:00 | Queue | Mangonel |
| 22:01 | Queue | Villager (Male) |
| 22:11 | Queue | Villager (Male) |
| 22:22 | Queue | Villager (Male) |
| 22:26 | Queue | Villager (Male) |
Match timeline
| 2:03 | Mortis · first_building Barracks |
| 3:06 | YEBISU · first_building Dock |
| 5:58 | YEBISU · wall_segment Palisade Wall x1 |
| 6:15 | YEBISU · wall_segment Palisade Wall x1 |
| 6:16 | YEBISU · wall_segment Palisade Wall x1 |
| 6:19 | YEBISU · wall_segment Palisade Wall x1 |
| 6:21 | YEBISU · wall_segment Palisade Wall x1 |
| 6:22 | YEBISU · wall_segment Palisade Wall x1 |
| 6:24 | YEBISU · wall_segment Palisade Wall x1 |
| 6:26 | YEBISU · wall_segment Palisade Wall x1 |
| 6:28 | YEBISU · wall_segment Palisade Wall x1 |
| 6:49 | YEBISU · wall_segment Palisade Wall x1 |
| 7:08 | YEBISU · wall_segment Palisade Wall x1 |
| 7:52 | YEBISU · wall_segment Palisade Wall x1 |
| 8:23 | YEBISU · wall_segment Palisade Wall x1 |
| 8:39 | YEBISU · wall_segment Palisade Wall x1 |
| 9:01 | YEBISU · first_building Barracks |
| 9:45 | YEBISU · wall_segment Palisade Wall x8 |
| 10:04 | YEBISU · age_up feudal |
| 10:07 | YEBISU · first_building Archery Range |
| 10:15 | Mortis · age_up feudal |
| 12:22 | Mortis · first_building Archery Range |
| 12:46 | Mortis · wall_segment Stone Wall x1 |
| 12:46 | Mortis · wall_segment Stone Wall x1 |
| 12:48 | Mortis · wall_segment Stone Wall x4 |
| 12:49 | Mortis · wall_segment Stone Wall x1 |
| 14:04 | YEBISU · wall_segment Palisade Wall x6 |
| 14:06 | YEBISU · wall_segment Palisade Wall x1 |
| 18:28 | YEBISU · wall_segment Palisade Wall x1 |
| 18:31 | YEBISU · wall_segment Palisade Wall x1 |
| 19:07 | YEBISU · age_up castle |
| 19:22 | Mortis · wall_segment Palisade Wall x1 |
| 20:02 | YEBISU · first_building Siege Workshop |
| 20:14 | Mortis · first_market_buy 100 stone |
| 20:47 | YEBISU · first_market_sell 100 wood |
| 22:12 | Mortis · first_building Stable |
| 23:54 | Mortis · first_building Dock |
| 24:58 | Mortis · wall_segment Stone Wall x1 |
| 25:03 | Mortis · wall_segment Stone Wall x1 |
| 25:52 | YEBISU · first_building Monastery |
| 27:30 | Mortis · first_market_sell 500 wood |
| 29:10 | YEBISU · first_building Castle |
| 30:36 | Mortis · age_up castle |
| 30:42 | YEBISU · first_market_buy 100 wood |
| 30:51 | Mortis · first_building Castle |
| 32:15 | Mortis · first_building Monastery |
| 32:38 | YEBISU · wall_segment Stone Wall x1 |
| 32:39 | YEBISU · wall_segment Stone Wall x1 |
| 32:43 | YEBISU · wall_segment Stone Wall x6 |
| 32:44 | YEBISU · wall_segment Stone Wall x2 |
| 32:48 | YEBISU · wall_segment Stone Wall x2 |
| 32:51 | YEBISU · wall_segment Stone Wall x7 |
| 34:08 | YEBISU · first_building Stable |
| 36:34 | YEBISU · age_up imperial |
| 38:08 | Mortis · first_building Siege Workshop |
| 39:36 | Mortis · age_up imperial |
| 41:24 | Mortis · wall_segment Stone Wall x8 |
| 44:20 | Mortis · resign |
[ AI ANALYSIS · 1 CREDIT ]
What really happened in this match?
Wolo.gg analyzes every decision: build order, eco, micro, common mistakes by bracket. Personalized analysis on WhatsApp or Discord in 30 seconds.
Civ guide
Lithuanians
Perfil
Jugador #39425